 Dungeon Crawl Stone Soup version 0.27-a0-828-g8289197e94 (webtiles) character file.

Game seed: 10323127452610713029

945 jasper the Chopper (level 7, -3/63 HPs)
             Began as a Minotaur Delver on Mar 30, 2021.
             Was a Believer of the Shining One.
             Slain by a gnoll
             ... wielding a +0 spear
              (4 damage)
             ... on level 5 of the Dungeon.
             The game lasted 00:08:22 (5559 turns).

jasper the Chopper (Minotaur Delver)                Turns: 5559, Time: 00:08:22

Health: -3/63      AC:  6    Str: 16    XL:     7   Next: 89%
Magic:  6/6        EV: 11    Int:  7    God:    the Shining One [**....]
Gold:   201        SH:  3    Dex: 14    Spells: 6/6 levels left

rFire    . . .     SeeInvis .   a - +1 hand axe
rCold    . . .     Faith    .   t - +0 buckler
rNeg     + + .     Spirit   .   l - +0 ring mail
rPois    .         Reflect  .   (helmet restricted)
rElec    .         Harm     .   (no cloak)
rCorr    .         Rampage  .   (no gloves)
Will     .....                  (no boots)
Stlth    +.........             (no amulet)
HPRegen  0.20/turn              j - ring of positive energy
MPRegen  0.10/turn              (no ring)

@: hasted, glowing, very quick
A: horns 2, retaliatory headbutt
a: Renounce Religion, Divine Shield


You were on level 5 of the Dungeon.
You worshipped the Shining One.
The Shining One was pleased with you.
You visited 1 branch of the dungeon, and saw 6 of its levels.

You collected 201 gold pieces.

Inventory:

Hand Weapons
 a - a +1 hand axe (weapon)
Missiles
 p - 197 stones (quivered)
 s - 2 javelins
Armour
 b - a +0 leather armour
 l - a +0 ring mail (worn)
 t - a +0 buckler (worn)
Jewellery
 j - a ring of positive energy (left hand)
 r - an amulet of magic regeneration
Wands
 g - a wand of digging (2)
 v - a wand of random effects (9)
Scrolls
 c - a scroll of fog
 d - a scroll of magic mapping
 e - 2 scrolls of fear
 k - 4 scrolls of teleportation
 m - a scroll of enchant weapon
 n - a scroll of identify
Potions
 i - 4 potions of lignification {unknown}
 o - a potion of magic
 q - 3 potions of flight {unknown}
 u - 2 potions of ambrosia {unknown}
 w - 2 potions of might {unknown}
 x - a potion of resistance {unknown}
 z - a potion of attraction {unknown}
 A - 2 potions of heal wounds {unknown}


   Skills:
 + Level 6.1 Fighting
 * Level 7.3 Axes
 + Level 4.5 Armour
 + Level 4.8 Dodging
 - Level 4.1 Stealth


You had 6 spell levels left.
You didn't know any spells.
Your spell library contained the following spells:

 Spells                   Type           Power      Damage    Failure   Level
 Summon Small Mammal      Summ           0%         N/A       80%         1
 Call Imp                 Summ           0%         N/A       91%         2
 Call Canine Familiar     Summ           0%         N/A       99%         3
 Confusing Touch          Hex            0%         N/A       99%         3
 Gell's Gravitas          Tloc           0%         N/A       99%         3
 Summon Guardian Golem    Hex/Summ       0%         N/A       99%         3
 Petrify                  Tmut/Erth      0%         N/A       100%        4
 Summon Ice Beast         Ice/Summ       0%         N/A       100%        4
 Summon Lightning Spire   Summ/Air       0%         N/A       100%        4
 Metabolic Englaciation   Hex/Ice        0%         N/A       100%        5
 Yara's Violent Unravell  Hex/Tmut       0%         3d3       100%        5


Dungeon Overview and Level Annotations

Branches:
Dungeon (6/15)
 Temple: D:4-7

Altars:
The Shining One

Shops:
D:4 [


Innate Abilities, Weirdness & Mutations

You have a pair of horns on your head.
You reflexively headbutt those who attack you in melee.


Message History

You feel yourself speed up. The gnoll barely misses you.
You block the gnoll's attack.
The gnoll hits you from afar with a +0 spear.
* * * LOW HITPOINT WARNING * * *
The gnoll barely misses you.
The gnoll shaman hits you with a +0 club.
* * * LOW HITPOINT WARNING * * *
You take 6 damage, and have 6/63 hp.
You feel better. The gnoll barely misses you. The gnoll misses you.
The gnoll hits you from afar with a +0 spear.
* * * LOW HITPOINT WARNING * * *
You regained 10 hp, and now have 16/63 hp.
You barely miss the gnoll shaman.
The gnoll shaman is severely wounded.
You hit the gnoll. The gnoll hits you but does no damage.
You block the gnoll shaman's attack. The gnoll closely misses you.
You slash the gnoll shaman!
You kill the gnoll shaman!
The Shining One accepts your kill.
You hit the gnoll. The gnoll closely misses you. You furiously retaliate!
You headbutt the gnoll. You block the gnoll's attack.
The gnoll hits you from afar with a +0 spear.
* * * LOW HITPOINT WARNING * * *
You take 3 damage, and have 13/63 hp.
You barely miss the gnoll.
The gnoll is severely wounded.
The gnoll closely misses you. The gnoll barely misses you.
The gnoll hits you from afar with a +0 spear.
* * * LOW HITPOINT WARNING * * *
You take 3 damage, and have 10/63 hp.
You hit the gnoll.
The gnoll is almost dead.
The gnoll hits you with a +0 spear!
* * * LOW HITPOINT WARNING * * *
You block the gnoll's attack.
You take 9 damage, and have 1/63 hp.
You hit the gnoll.
You kill the gnoll!
The gnoll hits you from afar with a +0 spear.
You die...

################
#........#.....#
#........#...=.#
##..##...#.....
#######..##...#....#
#.............#...(#
#.####........#.)..#
..............#.@..#
.##..##..##...#)...#
####....####..#gg..# ##
##..## ##..#....# .##
#..# ##...#....#
..###..###....#....###+#
#..........#..#.........
#.)........#..#.........
..###..###....#....##...


You could see 2 gnolls.

Vanquished Creatures
  A sky beast (D:4)
  2 black bears (D:5)
  2 scorpions (D:4)
  A water moccasin zombie (D:5)
  A howler monkey (D:4)
  An orc priest (D:3)
  2 gnoll shamans
  2 hounds (D:5)
  A scorpion zombie (D:5)
  An orc wizard (D:5)
  A killer bee zombie (D:5)
  4 gnolls
  9 adders
  A howler monkey skeleton (D:4)
  An ufetubus (D:4)
  An adder zombie (D:4)
  An adder skeleton (D:4)
  4 worms
  A dart slug (D:5)
  15 orcs
  9 bats
  3 endoplasms
  4 giant cockroaches
  6 goblins
  9 hobgoblins
  9 jackals
  8 kobolds
  4 quokkas
  5 ball pythons
  3 frilled lizards
  3 rats (D:2)
115 creatures vanquished.

Notes
Turn   | Place    | Note
-------+----------+-------------------------------------------
     0 | D:5      | jasper the Minotaur Delver began the quest for the Orb.
     0 | D:5      | Reached XP level 1. HP: 19/19 MP: 0/0
    24 | D:6      | Noticed an iguana
    82 | D:4      | Noticed a sky beast
    89 | D:3      | Noticed an orc priest
   309 | D:1      | Reached XP level 2. HP: 27/27 MP: 1/1
   469 | D:1      | Reached skill level 3 in Axes
   640 | D:1      | Reached skill level 1 in Armour
  1135 | D:1      | Reached XP level 3. HP: 33/33 MP: 2/2
  1940 | D:2      | Reached XP level 4. HP: 40/40 MP: 3/3
  2479 | D:3      | Reached skill level 4 in Axes
  3021 | D:3      | Reached XP level 5. HP: 43/47 MP: 4/4
  3067 | D:3      | Found a faded altar of an unknown god.
  3284 | D:3      | Became a worshipper of the Shining One
  3284 | D:3      | Reached * piety under the Shining One
  3750 | D:4      | Found Lotwolont's Antique Armour Shoppe.
  3800 | D:4      | Reached skill level 5 in Axes
  3823 | D:4      | Killed a sky beast
  3824 | D:4      | Reached skill level 5 in Fighting
  3824 | D:4      | Reached XP level 6. HP: 48/56 MP: 5/5
  4139 | D:4      | Reached skill level 6 in Axes
  4152 | D:4      | Reached ** piety under the Shining One
  4547 | D:4      | Reached XP level 7. HP: 61/61 MP: 6/6
  5319 | D:5      | Reached skill level 7 in Axes
  5558 | D:5      | HP: 1/63 [gnoll/+0 spear (9)]
  5559 | D:5      | Slain by a gnoll

Illustrated notes

Levels and vault maps discovered:
D:1:      sevenhm_arrival_forest_fort_small_3, layout_rooms
D:2:      minmay_skewed_foursquare, layout_basic
D:3:      layout_basic, chequers_ecumenical_altar_island,
          chequers_serial_rivers_micro_a
D:4:      minmay_opposing_rooms, layout_basic, serial_shops,
          nicolae_shop_window_shopping, chequers_serial_rivers_small_3,
          columned_hall_lemuel
D:5:      minmay_evil_eye, layout_gridville, palyth_stone_intersect,
          uniq_menkaure
D:6:      layout_gridville, temple_hall, minmay_ogre_servants, uniq_duvessa

Skill      XL: |  1  2  3  4  5  6  7 |
---------------+----------------------+-----
Axes           | 3 4 5 6 7 |  7.3
Armour         | 1 2 3 4 |  4.5
Fighting       | 4 5 6 |  6.1
Dodging        | 3 4 |  4.8
Stealth        | |  4.1

Action                   |  1- 3 |  4- 6 |  7- 9 || total
-------------------------+-------+-------+-------++-------
Melee: Hand axe          |   103 |   126 |    68 ||   297
       Headbutt          |    12 |    25 |     7 ||    44
Throw: Stone             |    28 |    29 |     6 ||    63
Evoke: Wand              |     1 |       |       ||     1
  Use: Scroll            |       |     7 |       ||     7
       Potion            |       |       |     5 ||     5
Armor: Leather armour    |    31 |     4 |       ||    35
       Ring mail         |       |    29 |    32 ||    61
Dodge: Dodged            |    87 |    82 |    55 ||   224
Block: Buckler           |       |    13 |    23 ||    36

Table legend: (Time is in decaauts)
 A = Elapsed time spent in this place.
 B = Non-inter-level travel time spent in this place.
 C = Inter-level travel time spent in this place.
 D = Time resting spent in this place.
 E = Time spent auto-exploring this place.
 F = Levels seen in this place.
 G = Mean time per level.
                   A        B        C        D        E       F      G
               +--------+--------+--------+--------+--------+-----+--------+
         Total |   5609 |   5443 |    166 |    752 |   3782 |   6 |  934.8 |
       Dungeon |   5609 |   5443 |    166 |    752 |   3782 |   6 |  934.8 |
               +--------+--------+--------+--------+--------+-----+--------+

Top non-repeatable levels by time:
     D:4: 1382 daAuts
     D:2: 1225 daAuts
     D:3: 1176 daAuts
     D:1: 1032 daAuts
     D:5: 752 daAuts
     D:6: 40 daAuts
